[Event "Live Chess"]
[Site "Chess.com"]
[Date "2024.06.02"]
[Round "-"]
[White "MagnersCarlsberg2870"]
[Black "friarnator"]
[Result "0-1"]
[WhiteElo "1810"]
[BlackElo "2193"]
[TimeControl "300"]
[EndTime "2:32:41 PDT"]
[Termination "friarnator won by resignation"]

1. d4 Nf6 2. Nf3 e6 3. e3 c5 4. Bd3 Nc6 5. c3 b6 6. Nbd2 Bb7 7. Qe2 d5 8. O-O Be7 9. h3 O-O 10. e4 dxe4 11. Nxe4 cxd4 12. Nxf6+ Bxf6 13. Qe4 g6 14.
Bh6 Bg7 15. Bxg7 Kxg7 16. Rad1 Rb8 17. Ne5 Qd6 18. Ng4 f5 0-1

[Event "Live Chess"]
[Site "Chess.com"]
[Date "2024.06.02"]
[Round "-"]
[White "raimundklein"]
[Black "defenderalist"]
[Result "1-0"]
[WhiteElo "1570"]
[BlackElo "1537"]
[TimeControl "300"]
[EndTime "2:32:49 PDT"]
[Termination "raimundklein won by resignation"]

1. e4 c5 2. Nf3 d6 3. Bb5+ Nc6 4.
d4 cxd4 5. Nxd4 Bd7 6. Nxc6 bxc6 7. Bd3 g6 8. c4 Bg7 9. Nc3 Nf6 10. O-O O-O 11. h3 Qc8 12. f4 Bxh3 13. gxh3 Qxh3 14. Qf3 Qd7 15. Be3 Ne8 16. Rac1 f5 17. exf5 gxf5 18. Kf2 e5 19. Rh1 e4 20. Nxe4 fxe4 21. Bxe4 Nf6 22. Bxc6 Qc7 23. Bxa8 d5 24. Bxd5+ Nxd5 25. Qxd5+ Kh8 26.
Rcg1 Rxf4+ 27. Ke2 Rxc4 28. Qd3 Rc2+ 29. Kd1 Bxb2 30. Bd4+ 1-0

[Event "Live Chess"]
[Site "Chess.com"]
[Date "2024.06.02"]
[Round "-"]
[White "StoreySniper"]
[Black "uselessduffer"]
[Result "1-0"]
[WhiteElo "2521"]
[BlackElo "2388"]
[TimeControl "300"]
[EndTime "2:33:16 PDT"]
[Termination "StoreySniper won on time"]

1. e4 g6 2. d4 Bg7 3. c4 d6 4.
Nc3 Nc6 5. Nge2 e5 6. Be3 exd4 7. Nxd4 Nge7 8. Be2 O-O 9. O-O f5 10. Nxc6 bxc6 11.
Bd4 fxe4 12. Bxg7 Kxg7 13. Qd4+ Kg8 14. Nxe4 Nf5 15. Qc3 Qe7 16. Bd3 Qe5 17. Qxe5 dxe5 18. Rfe1 Nd4 19. Nc5 Re8 20. Re3 Bf5 21. Rae1 Bxd3 22.
Rxd3 Rad8 23. Kf1 Kf7 24. f3 Kf6 25. Kf2 Kf5 26. b3 h5 27. h4 Ne6 28. Rxd8 Rxd8 29. Ne4 Nf4 30. Rg1 Rd4 31. Rh1 a5 32. g3 Nd3+ 33. Ke3 Nb4 34. Rh2 Rd1 35. a3 Na6 36. Rd2 Re1+ 37. Kf2 Rb1 38. Rd7 Rxb3 39. Rf7+ Ke6 40.
Rf6+ Ke7 41. Rxc6 Rxa3 42. Rxa6 a4 43. Rxg6 Ra2+ 44. Ke3 a3 45. Ra6 Ra1 46. Nc3 Re1+ 47. Kd3 Rf1 48. Kc2 Rxf3 49. Kb3 Rxg3 50. Rxa3 Rh3 51.
Ra5 1-0

[Event "Live Chess"]
[Site "Chess.com"]
[Date "2024.06.02"]
[Round "-"]
[White "TedUdale"]
[Black "TigerTank70"]
[Result "0-1"]
[WhiteElo "2104"]
[BlackElo "2234"]
[TimeControl "300"]
[EndTime "2:33:36 PDT"]
[Termination "TigerTank70 won by resignation"]

1. e4 e5 2. Nf3 Nc6 3. Bc4 Nf6 4.
c3 Be7 5. d4 d6 6. dxe5 Nxe5 7.
Nxe5 dxe5 8. Qe2 O-O 9. O-O c6 10. h3 b5 11. Bb3 a5 12. a3 Ba6 13. Qe3 a4 14. Ba2 b4 15. Rd1 Qxd1+ 0-1

[Event "Live Chess"]
[Site "Chess.com"]
[Date "2024.06.02"]
[Round "-"]
[White "grillage"]
[Black "lateforthesky"]
[Result "0-1"]
[WhiteElo "1864"]
[BlackElo "2081"]
[TimeControl "300"]
[EndTime "2:33:51 PDT"]
[Termination "lateforthesky won by resignation"]

1. d4 g6 2. Nf3 Bg7 3. g3 d6 4. Bg2 Nf6 5. c4 O-O 6. O-O Nbd7 7. d5 Nb6 8. Qc2 Bf5 9. Qb3 Qc8 10. Re1 Bh3 11.
Bh1 h6 12. Be3 e5 13. dxe6 Bxe6 14. Nbd2 Ng4 15. Bd4 Ne5 16. Nxe5 dxe5 17. Bc3 c6 18. Qb4 Qc7 19. b3 Rad8 20. Rad1 Rd7 21. Nf3 Rfd8 22. Rxd7 Rxd7 23. Qa3 Nc8 24. Qb2 f6 25. Qc2 Bf7 26. Nh4 Ne7 27. Rd1 f5 28. Nf3 Rxd1+ 29. Qxd1 g5 30.
Qa1 Ng6 31. Bg2 Be6 32. Qd1 Qd7 33. Qxd7 Bxd7 34. e3 Kf7 35. Kf1 Bf6 36. Ke2 g4 37.
Ne1 h5 38. h3 f4 39. exf4 gxh3 40. Bf3 exf4 41. Bxh5 Bxc3 0-1

[Event "Live Chess"]
[Site "Chess.com"]
[Date "2024.06.02"]
[Round "-"]
[White "MasterCaptainHaddock"]
[Black "LL220284LL"]
[Result "0-1"]
[WhiteElo "1816"]
[BlackElo "2507"]
[TimeControl "300"]
[EndTime "2:34:11 PDT"]
[Termination "LL220284LL won by resignation"]

1. e4 g6 2. Nf3 Bg7 3. d4 d6 4. Bc4 Nf6 5. Nc3 c6 6. Be3 d5 7.
exd5 cxd5 8. Bb3 Nc6 9. h3 O-O 10. O-O Na5 11. Re1 Bf5 12. Qd2 Nxb3 13. axb3 Ne4 14. Nxe4 Bxe4 15. Ng5 Bf5 16. g4 Bd7 17. Nf3 a6 18. Bh6 Rc8 19. Bxg7 Kxg7 20. c3 Re8 21. Qg5 Bc6 22. h4 Qd6 23. h5 f6 24. h6+ Kg8 25. Qh4 Qf4 26. Kg2 e5 27. dxe5 fxe5 28. Rad1 d4 29. Rd3 e4 30. Rxd4 Qxf3+ 31. Kg1 e3 0-1

[Event "Live Chess"]
[Site "Chess.com"]
[Date "2024.06.02"]
[Round "-"]
[White "Tatarinov_Maxim"]
[Black "AndyJWise"]
[Result "1-0"]
[WhiteElo "2288"]
[BlackElo "1036"]
[TimeControl "300"]
[EndTime "2:34:24 PDT"]
[Termination "Tatarinov_Maxim won by resignation"]

1. Nf3 Nf6 2. c4 c5 3. g3 g6 4. Bg2 Bg7 5. O-O O-O 6. Nc3 a5 7. d4 cxd4 8. Nxd4 Nc6 9. b3 Qb6 10. Ndb5 e5 11. Be3 Qd8 12. Rc1 Re8 13. Bc5 b6 14.
Bd6 Nd4 15. Bxa8 Nxb5 16. Nxb5 Ba6 17. Bg2 Bxb5 18. cxb5 e4 19. Bc7 Qe7 20. Bxb6 e3 21. Bxe3 Ng4 22. Bd4 Bxd4 23. Qxd4 Qxe2 24. Rfe1 Qxe1+ 25.
Rxe1 Rxe1+ 26. Bf1 1-0

[Event "Live Chess"]
[Site "Chess.com"]
[Date "2024.06.02"]
[Round "-"]
[White "crais6"]
[Black "Queensandpawns"]
[Result "0-1"]
[WhiteElo "1604"]
[BlackElo "2282"]
[TimeControl "300"]
[EndTime "2:34:26 PDT"]
[Termination "Queensandpawns won by checkmate"]

1. d4 e5 2. dxe5 Nc6 3. Nf3 Qe7 4. Nc3 Nxe5 5. e3 c6 6. Be2 d5 7. O-O Bf5 8. Nxe5 Qxe5 9. Bf3 Bd6 10. g3 h5 11. h4 O-O-O 12. Ne2 g5 13. Qd4 gxh4 14. Qxa7 hxg3 15. fxg3 h4 16. g4 Qh2# 0-1

[Event "Live Chess"]
[Site "Chess.com"]
[Date "2024.06.02"]
[Round "-"]
[White "Bradfield133"]
[Black "ameetghasi100"]
[Result "0-1"]
[WhiteElo "1872"]
[BlackElo "2793"]
[TimeControl "300"]
[EndTime "2:34:38 PDT"]
[Termination "ameetghasi100 won by resignation"]

1. c4 c5 2. g3 g6 3. Bg2 Bg7 4. Nc3 Nh6 5. e3 Nc6 6. Nge2 Nf5 7. O-O h5 8. Rb1 h4 9. a3 hxg3 10. hxg3 d6 11. b4 Ne5 12. d3 cxb4 13. axb4 Ng4 14.
Nf4 Bxc3 15. Qxg4 Nxe3 16. Qf3 Nxg2 17. Kxg2 g5 18. Nd5 Bh3+ 19. Kg1 Bxf1 20. Nxc3 Bh3 21.
Qxb7 f6 22. Nd5 Bg4 23. Qxa8 Qxa8 24. Nc7+ Kd7 25. Nxa8 Bf3 0-1

[Event "Live Chess"]
[Site "Chess.com"]
[Date "2024.06.02"]
[Round "-"]
[White "Duke_of_Bebington"]
[Black "upoe610"]
[Result "0-1"]
[WhiteElo "1637"]
[BlackElo "2142"]
[TimeControl "300"]
[EndTime "2:34:48 PDT"]
[Termination "upoe610 won by resignation"]

1. e4 e5 2. Nf3 Nc6 3. Bc4 Nf6 4.
O-O Nxe4 5. Bd5 Nf6 6. Bxc6 dxc6 7. Nxe5 Bd6 8. d4 O-O 9. Bg5 h6 10. Bh4 c5 11. c3 cxd4 12. Qxd4 Re8 13. f4 c5 14. Qf2 Bxe5 15. fxe5 Rxe5 16. Bxf6 Qxf6 17. Qxf6 gxf6 18. Rxf6 Kg7 19. Rf1 Re2 20. Rf2 Re1+ 21. Rf1 Rxf1+ 22. Kxf1 Be6 23. Nd2 Rd8 24. Ne4 b6 25. b3 Bf5 26. Re1 Re8 27. Nd2 Bd3+ 28. Kf2 Rd8 29. Nf3 c4 30. Nd4 cxb3 31. axb3 Rc8 32.
c4 Rd8 33. Nc6 Ra8 34. Re7 a5 35. Ne5 Kf6 36. Nc6 Rc8 37. Rd7 Rxc6 38. Rxd3 a4 39. bxa4 Rxc4 40. Rb3 Rc6 41. Rb5 Ke6 42. h3 Kd7 43. Rf5 Ke6 44. Rb5 Kf6 45. Kg3 Kg6 46. Kh4 Rc4+ 47. g4 Rxa4 48. Rxb6+ f6 49. Rb8 Kg7 50. Rb5 Ra3 51. Rf5 Kg6 52. Rh5 Ra8 53.
Rf5 Rg8 54. Rh5 Kh7 55. Rf5 Rg6 56. Kg3 Kg7 57. Kf4 Kf7 58. h4 Rg8 59. Rd5 Ra8 60.
Kf5 Ra7 61. Rd6 Kg7 62. Kf4 Ra4+ 63. Kg3 Kg6 64. h5+ Kf7 65. Rd7+ Kg8 66. Rd8+ Kg7 67. Rd7+ Kg8 68. Rd8+ Kf7 69. Rd7+ Ke6 70. Rh7 Ra3+ 71. Kh4 Ra1 72. Rxh6 Rh1+ 73. Kg3 Rg1+ 74. Kf3 Rf1+ 75. Kg2 Ra1 76. Rg6 Ke5 77. h6 Ra2+ 78. Kf3 Ra3+ 79. Ke2 Rh3 80. Kf2 Ke6 81. Kg2 Rh4 82. Kg3 Rh1 83. Kg2 Rh4 84. Kg3 Rh1 85. g5 Kf5 86.
Rxf6+ Kxg5 87. Rd6 Ra1 88. Kf2 Ra7 89. Ke3 Kf5 90.
Kd4 Ra4+ 91. Kc5 Ra5+ 92. Kb6 Ra1 93. Kc7 Ke5 94. Kd7 Ra7+ 95. Kc6 Ra6+ 96. Kc7 Rxd6 97. h7 Rh6 98. h8=Q+ Rxh8 0-1

[Event "Live Chess"]
[Site "Chess.com"]
[Date "2024.06.02"]
[Round "-"]
[White "juniortay"]
[Black "matt1979"]
[Result "1-0"]
[WhiteElo "2371"]
[BlackElo "1406"]
[TimeControl "300"]
[EndTime "2:34:55 PDT"]
[Termination "juniortay won by checkmate"]

1. e4 d6 2. Nc3 Nf6 3. f4 e5 4.
Nf3 Nbd7 5. Bc4 Be7 6. d3 O-O 7.
O-O c6 8. a4 Qc7 9. Kh1 b6 10.
fxe5 dxe5 11. Qe1 Bb7 12. Nh4 Bc8 13. Nf5 Nc5 14. Nxe7+ Qxe7 15. Bg5 Ncd7 16. Qh4 h6 17.
Bxh6 gxh6 18. Qxh6 a6 19. Rf3 Nh7 20. Rg3+ Kh8 21. Qg7# 1-0

[Event "Live Chess"]
[Site "Chess.com"]
[Date "2024.06.02"]
[Round "-"]
[White "Mikhail_Golubev"]
[Black "Crowded_House"]
[Result "1-0"]
[WhiteElo "2511"]
[BlackElo "1673"]
[TimeControl "300"]
[EndTime "2:35:07 PDT"]
[Termination "Mikhail_Golubev won by resignation"]

1. e4 e6 2. d4 d5 3. e5 c5 4. c3 Nc6 5. Nf3 Qb6 6. Bd3 Bd7 7. O-O cxd4 8. Nbd2 dxc3 9. bxc3 Bc5 10. Nb3 a6 11.
Rb1 Qa7 12. Nxc5 Qxc5 13. Rxb7 Nge7 14. Qc2 Rb8 15. Be3 Qa5 16. Bb6 Qa3 17. Rxb8+ Nxb8 18. Bc7 Nbc6 19. Bd6 O-O 20. Bxa3 1-0

[Event "Live Chess"]
[Site "Chess.com"]
[Date "2024.06.02"]
[Round "-"]
[White "nitrofish07"]
[Black "A3ndrey9"]
[Result "1-0"]
[WhiteElo "2078"]
[BlackElo "1293"]
[TimeControl "300"]
[EndTime "2:35:09 PDT"]
[Termination "nitrofish07 won on time"]

1. e4 c6 2. d4 d5 3. Nc3 dxe4 4.
Nxe4 Bf5 5. Ng3 Bg6 6. h4 h6 7. h5 Bh7 8. Nf3 Nf6 9. Bd3 Bxd3 10. Qxd3 e6 11. Bd2 Qb6 12. O-O-O c5 13. dxc5 Bxc5 14. Bc3 O-O 15. Bxf6 gxf6 16. Ne4 f5 17. Nxc5 Qxc5 18.
Rh3 Nc6 19. Rg3+ Kh7 20. Nd4 Rfd8 21. Qc3 Nxd4 22. Qd3 Rac8 23. c3 Nb3+ 24. axb3 Rxd3 25. Rgxd3 Qxf2 26. Rd7 Qe3+ 27. Kb1 Qe4+ 28. Ka2 Kg7 29. g4 Qxg4 30. Rxb7 Qxd1 31. Rxa7 Qxh5 32. b4 Qf3 33. b5 Ra8 34. Ra6 Qd5+ 35. Ka3 Qc5+ 36. b4 Qxc3+ 37. Ka4 Qa1+ 38. Kb3 Rxa6 39. bxa6 Qxa6 40. Kc3 Kf6 41. Kd4 e5+ 42. Kc5 Ke6 43. b5 Qa3+ 44. Kc6 Qd6+ 45.
Kb7 e4 46. Ka7 Qc7+ 47. Ka6 e3 48. b6 Qc6 49. Ka7 Qa4+ 50. Kb7 e2 51. Kc7 e1=Q 52. b7 1-0

[Event "Live Chess"]
[Site "Chess.com"]
[Date "2024.06.02"]
[Round "-"]
[White "WorcesterYork"]
[Black "Brooms1989"]
[Result "1-0"]
[WhiteElo "2485"]
[BlackElo "1176"]
[TimeControl "300"]
[EndTime "2:35:11 PDT"]
[Termination "WorcesterYork won by resignation"]

1. e4 e5 2. Nf3 Nc6 3. Bc4 Nf6 4. d4 exd4 5. O-O Bc5 6. e5 d5 7. exf6 dxc4 8. Re1+ Be6 9. fxg7 Rg8 10. Bg5 Qd7 11. Bf6 Be7 12. Bxe7 Qxe7 13. Nxd4 O-O-O 14. Nxc6 bxc6 15. Qe2 Rxg7 16. Nd2 Rdg8 17. g3 Qh4 18. Nf3 Qf6 19. Ne5 Bd5 20. Nxc4 Qh6 21. Ne3 Be6 22. Qa6+ Kb8 23. Qxc6 1-0

[Event "Live Chess"]
[Site "Chess.com"]
[Date "2024.06.02"]
[Round "-"]
[White "TheSmoulderingMaster"]
[Black "ClassyChameleon"]
[Result "1-0"]
[WhiteElo "1783"]
[BlackElo "1518"]
[TimeControl "300"]
[EndTime "2:35:57 PDT"]
[Termination "TheSmoulderingMaster won on time"]

1. e4 e5 2. Nf3 Nc6 3. Bb5 a6 4. Ba4 b5 5. Bb3 Bb7 6. O-O g6 7. c3 Bg7 8. d4 exd4 9. cxd4 Qe7 10. Ng5 Nxd4 11. Bxf7+ Kd8 12. Nc3 Nh6 13. Bd5 Bxd5 14.
Nxd5 Qf8 15. Be3 c5 16. Qd2 Ng4 17. Qa5+ Ke8 18. Nc7+ Ke7 19. Nxa8 Qxa8 20. Bxd4 Bxd4 21. Rae1 h6 22. Nf3 Rf8 23. Nxd4 cxd4 24. Qb6 d3 25. Qxg6 Rg8 26. Qh7+ Kd6 27. Rd1 Ne5 28. Qxh6+ Kc7 29.
Qf6 Qxe4 30. f3 Qe3+ 31. Kh1 Nc4 32. Qf5 d2 33. b3 Qe2 34. Qh3 Ne3 35. Rg1 Nxd1 36.
Qg3+ Rxg3 37. hxg3 Nf2+ 38. Kh2 d1=Q 39. Rxd1 Qxd1 40.
g4 a5 41. Kg3 Nd3 42. g5 Qe1+ 43. Kg4 1-0

[Event "Live Chess"]
[Site "Chess.com"]
[Date "2024.06.02"]
[Round "-"]
[White "chess5013"]
[Black "JanMur7"]
[Result "0-1"]
[WhiteElo "1301"]
[BlackElo "2277"]
[TimeControl "300"]
[EndTime "2:36:01 PDT"]
[Termination "JanMur7 won by checkmate"]

1. d4 Nf6 2. c4 a6 3. g3 b5 4. c5 Bb7 5. Nf3 e6 6. Bg2 d6 7. O-O dxc5 8. dxc5 Qxd1 9. Rxd1 Bxc5 10. Nc3 O-O 11. Bf4 Bb6 12. e3 c5 13. a3 Nbd7 14.
Rd2 Rfd8 15. Rad1 Nf8 16. Ne5 Bxg2 17. Kxg2 Ng6 18. Nxg6 hxg6 19. Rxd8+ Rxd8 20. Rxd8+ Bxd8 21. Bd6 c4 22. Kf3 Nd5 23. e4 Nxc3 24. bxc3 Bf6 25. e5 Bg5 26. Bb4 Bc1 27. Ke2 a5 28. Bxa5 Bxa3 29.
Ke3 Bc5+ 30. Ke4 Bxf2 31. Bb4 f5+ 32. Kf3 Bg1 33. Kg2 Bb6 34. Kf3 g5 35. h3 Kf7 36.
Kg2 Bc7 37. Bd6 Bxd6 38. exd6 b4 39. cxb4 c3 40. d7 Ke7 41. Kf2 c2 42. d8=Q+ Kxd8 43. Ke2 c1=Q 44. b5 Qc4+ 45. Kf3 Qxb5 46. g4 Qd5+ 47.
Kg3 f4+ 48. Kf2 Qd2+ 49. Kg1 Qe3+ 50. Kg2 Qg3+ 51. Kf1 Qxh3+ 52. Kg1 Qxg4+ 53. Kf1 Qg3 54. Ke2 Qe3+ 55. Kd1 Qf2 56. Kc1 g4 57. Kd1 g3 58.
Kc1 g2 59. Kd1 g1=Q# 0-1

[Event "Live Chess"]
[Site "Chess.com"]
[Date "2024.06.02"]
[Round "-"]
[White "Zhevzh1k7"]
[Black "Purple1szed"]
[Result "0-1"]
[WhiteElo "1107"]
[BlackElo "2076"]
[TimeControl "300"]
[EndTime "2:36:23 PDT"]
[Termination "Purple1szed won by resignation"]

1. e4 e5 2. Nf3 Nc6 3. Bc4 Nf6 4. d3 Bc5 5. O-O h6 6. c3 d6 7. d4 Bb6 8. Nbd2 exd4 9. cxd4 Nxd4 10. Nxd4 Bxd4 11.
Nf3 Bb6 12. Re1 O-O 13. Be3 Bg4 14. Bxb6 axb6 15. h3 Bh5 16. Qd3 Bg6 17. Rad1 Re8 18. Bd5 c6 19. Bb3 Nxe4 20. Nd2 Nxf2 21. Rxe8+ Qxe8 22. Qf3 Nxd1 23. Bxd1 d5 24. Bb3 Be4 25. Nxe4 Qxe4 26.
Qxe4 dxe4 0-1

[Event "Live Chess"]
[Site "Chess.com"]
[Date "2024.06.02"]
[Round "-"]
[White "seasidecastle27"]
[Black "GEMdzq"]
[Result "0-1"]
[WhiteElo "1908"]
[BlackElo "2294"]
[TimeControl "300"]
[EndTime "2:36:25 PDT"]
[Termination "GEMdzq won by checkmate"]

1. d4 d5 2. Nf3 Bf5 3. Bf4 Nf6 4. e3 e6 5. Bd3 Bg6 6. Bxg6 hxg6 7. Nbd2 Bd6 8. Bxd6 Qxd6 9. Qe2 Nbd7 10. O-O-O c5 11. e4 dxe4 12. Nxe4 Qf4+ 13. Nfd2 Nxe4 14. Qxe4 Qc7 15. d5 e5 16. f4 O-O 17. f5 Nf6 18. Qf3 g5 19. Ne4 Nxe4 20. Qxe4 Rad8 21.
h4 Qe7 22. h5 Qf6 23. h6 g6 24.
h7+ Kh8 25. Rdf1 gxf5 26. Rxf5 Qg6 27. Qxe5+ f6 28. Qe4 Rde8 29. Qf3 Rf7 30. g4 Re5 31.
Rf1 Rxf5 32. gxf5 Qh6 33. Rh1 Qf8 34. Re1 Re7 35. Re6 Rd7 36. Qe4 Kxh7 37. Qh1+ Kg8 38. Qe4 Qh6 39. Re8+ Kh7 40. Re7+ Rxe7 41. Qxe7+ Kg8 42.
Qe8+ Kh7 43. d6 g4+ 44. Kd1 Qh1+ 45. Kd2 Qd5+ 46. Kc3 Qd4+ 47. Kb3 Qb4# 0-1

[Event "Live Chess"]
[Site "Chess.com"]
[Date "2024.06.02"]
[Round "-"]
[White "JohanKjeldahl"]
[Black "Delacorta"]
[Result "1-0"]
[WhiteElo "1809"]
[BlackElo "1518"]
[TimeControl "300"]
[EndTime "2:36:31 PDT"]
[Termination "JohanKjeldahl won by resignation"]

1. e4 e6 2. d4 d5 3. Nd2 Nf6 4. e5 Nfd7 5. Bd3 b6 6. c3 Ba6 7. Bxa6 Nxa6 8. f4 c5 9. Ngf3 cxd4 10. cxd4 Nb4 11. O-O Nd3 12. f5 Rc8 13. fxe6 fxe6 14. Nb3 Nxc1 15. Rxc1 Be7 16. Ne1 Rf8 17. Qh5+ g6 18.
Qxh7 Rxf1+ 19. Kxf1 Nxe5 20. dxe5 Rxc1 21. Qxg6+ Kd7 22.
Nxc1 Qc7 23. Ncd3 Qc4 24. a3 a6 25. Qf7 a5 26. Qf4 Qb3 27. h4 1-0

[Event "Live Chess"]
[Site "Chess.com"]
[Date "2024.06.02"]
[Round "-"]
[White "crais6"]
[Black "AndyJWise"]
[Result "1-0"]
[WhiteElo "1605"]
[BlackElo "1035"]
[TimeControl "300"]
[EndTime "2:36:40 PDT"]
[Termination "crais6 won by resignation"]

1. d4 d5 2. Nc3 c6 3. Bf4 Nf6 4. Nf3 Bg4 5. e3 e6 6. h3 Bh5 7. g4 Bg6 8. Ne5 Nbd7 9. h4 h5 10.
Nxg6 fxg6 11. g5 Ng4 12. Bd3 Be7 13. Bxg6+ Kf8 14. Qf3 1-0

[Event "Live Chess"]
[Site "Chess.com"]
[Date "2024.06.02"]
[Round "-"]
[White "MagnersCarlsberg2870"]
[Black "Ferrarifan27"]
[Result "0-1"]
[WhiteElo "1808"]
[BlackElo "2139"]
[TimeControl "300"]
[EndTime "2:36:53 PDT"]
[Termination "Ferrarifan27 won by resignation"]

1. d4 Nf6 2. Nf3 d5 3. Bf4 e6 4. e3 Bd6 5. Bg3 b6 6. Nbd2 c6 7. Bd3 Bb7 8. c3 Na6 9. Qe2 Nc7 10. e4 dxe4 11. Nxe4 Nxe4 12. Qxe4 Rb8 13. Bh4 Be7 14. Bxe7 Qxe7 15. Ne5 c5 16. Qg4 O-O 17. Qh3 g6 18.
dxc5 Qxc5 19. Ng4 Nd5 20. Nh6+ Kg7 21. O-O Nf4 22. Qg3 Nxd3 23. Qxd3 Kxh6 24. b4 Qd5 0-1

[Event "Live Chess"]
[Site "Chess.com"]
[Date "2024.06.02"]
[Round "-"]
[White "best137"]
[Black "blunderabit"]
[Result "0-1"]
[WhiteElo "1520"]
[BlackElo "1755"]
[TimeControl "300"]
[EndTime "2:36:58 PDT"]
[Termination "blunderabit won - game abandoned"]

1. c4 e5 2. Nc3 Bb4 3. Nf3 Bxc3 4.
bxc3 d6 5. d4 Qe7 6. Bg5 Nf6 7.
e4 h6 8. Bxf6 Qxf6 9. Be2 O-O 10. O-O Nc6 11. d5 Na5 12. Qa4 b6 13. Rad1 Qe7 14. c5 dxc5 15. Rd2 Bd7 16. Bb5 Bxb5 17.
Qxb5 Nb7 18. Qc6 Nd6 19. Rc1 Rfc8 20. c4 Qe8 0-1

[Event "Live Chess"]
[Site "Chess.com"]
[Date "2024.06.02"]
[Round "-"]
[White "silunn"]
[Black "Thebigsqueeze"]
[Result "0-1"]
[WhiteElo "2123"]
[BlackElo "2283"]
[TimeControl "300"]
[EndTime "2:37:07 PDT"]
[Termination "Thebigsqueeze won by checkmate"]

1. e4 e6 2. d4 d5 3. exd5 exd5 4. Bd3 Nc6 5. Nf3 Bd6 6. Nbd2 Bg4 7. h3 Bh5 8. c3 Qd7 9. Qb3 O-O-O 10. Qxd5 Nf6 11.
Qf5 Rhe8+ 12. Kd1 Bg6 13. Qxd7+ Rxd7 14. Bxg6 hxg6 15. Nc4 Ne4 16. Nxd6+ cxd6 17. Be3 f5 18. g3 Na5 19. Re1 Nc4 20. b3 Nxc3+ 21. Kc2 Nxe3+ 22. Kxc3 Nd5+ 23. Kc4 Rxe1 24. Rxe1 Nf6 25. Nh4 Rc7+ 26. Kd3 Ne4 27. Nxg6 Nxf2+ 28. Ke3 Nxh3 29. Rh1 Rc3+ 30.
Kd2 Rxg3 31. Ne7+ Kd7 32. Nxf5 Rg2+ 33. Kc3 Ng5 34. Kd3 g6 35. Nh4 Rxa2 36. Nxg6 a5 37. Rg1 Ne6 38. Kc3 b5 39. Rf1 Rg2 40. Rf7+ Kd8 41. Nf8 Rg3+ 42. Kc2 Nxd4+ 43. Kb2 Rxb3+ 44.
Ka2 Ke8 45. Rf2 a4 46. Ng6 Nc6 47. Nf4 Nb4+ 48. Ka1 Re3 49. Ng2 Re4 50. Nf4 Kd7 51. Ne2 Nd3 52. Rh2 b4 53. Ng3 Re1+ 54. Ka2 b3+ 55. Ka3 Ra1+ 56. Ra2 Rxa2# 0-1

[Event "Live Chess"]
[Site "Chess.com"]
[Date "2024.06.02"]
[Round "-"]
[White "Purple1szed"]
[Black "JanMur7"]
[Result "0-1"]
[WhiteElo "2072"]
[BlackElo "2281"]
[TimeControl "300"]
[EndTime "2:37:20 PDT"]
[Termination "JanMur7 won by resignation"]

1. c4 c5 2. Nc3 Nc6 3. g3 g6 4.
Bg2 Bg7 5. e3 e6 6. Nge2 Nge7 7.
d4 cxd4 8. exd4 d5 9. cxd5 exd5 10. Nxd5 Nxd5 11. O-O O-O 0-1

[Event "Live Chess"]
[Site "Chess.com"]
[Date "2024.06.02"]
[Round "-"]
[White "jellhhggffhjjjjjj"]
[Black "booktrunk"]
[Result "0-1"]
[WhiteElo "479"]
[BlackElo "1509"]
[TimeControl "300"]
[EndTime "2:37:33 PDT"]
[Termination "booktrunk won on time"]

1. g3 e6 2. Bg2 Nf6 3. Nf3 h6 4. O-O Bc5 5. e3 d6 6. d4 Bb6 7. Nc3 O-O 8. Bd2 Nbd7 9. Qe2 Re8 10. Rae1 Nf8 11. a3 Bd7 12. b4 a6 13. Na4 Bxa4 14.
c3 d5 15. Ne5 N6d7 16. Qd3 Bb5 17. c4 dxc4 18. Nxc4 Bxc4 19. Qxc4 c6 20. a4 Nf6 21. a5 Bc7 22. Qd3 Ng6 23. e4 e5 24. Be3 exd4 25. Qxd4 Qxd4 26. Bxd4 Be5 27. Bxe5 Nxe5 28. f4 Ned7 29. e5 Nh7 30. Re2 Ndf8 31.
Rfe1 Rad8 32. h3 Ne6 33. Kh2 Nd4 34. Re4 Nc2 35. R1e2 Nd4 36. R2e3 Ne6 37. h4 Rd4 38.
Bh3 Rxe4 39. Rxe4 Nc7 40. Bg2 Rd8 41. Kh3 Kf8 42. Kg4 Ne6 43. f5 Nc7 44. Kf4 Nb5 45.
Bf1 Nc3 46. Rc4 Nd5+ 47. Ke4 Ne7 48. Rc5 f6 49. exf6 Nxf6+ 50. Kf4 Rd5 51. Rc4 Rxf5+ 52.
Ke3 Rxf1 53. Ke2 Rg1 54. Kf3 Rb1 55. Kf2 Ned5 56. Rf4 Nxf4 57. gxf4 Rxb4 58. Kg3 Rb5 59. Kf3 Rxa5 60. Ke3 Rb5 61. Kd3 a5 62. Kc3 a4 0-1

[Event "Live Chess"]
[Site "Chess.com"]
[Date "2024.06.02"]
[Round "-"]
[White "bill77678"]
[Black "AlanBstard10"]
[Result "1-0"]
[WhiteElo "1846"]
[BlackElo "1233"]
[TimeControl "300"]
[EndTime "2:37:44 PDT"]
[Termination "bill77678 won by resignation"]

1. e4 d5 2. exd5 Nf6 3. d4 Qxd5 4. c4 Qe4+ 5. Ne2 e6 6. Nc3 Bb4 7. Qa4+ Nc6 8. Qxb4 Nxb4 9. Nxe4 Nxe4 10. Rb1 Nxa2 11. Be3 Nb4 12. Nc3 Nxc3 13. bxc3 Nc2+ 14. Kd2 Nxe3 15. Kxe3 O-O 16. Bd3 Rb8 17. c5 c6 18.
Rb2 Bd7 19. Rhb1 Bc8 20. Be4 b6 21. cxb6 axb6 22. Bxc6 f5 23. Rxb6 Rxb6 24. Rxb6 g6 25. Rb8 Kg7 26. Bb7 Bxb7 27. Rxb7+ Kh6 28. c4 f4+ 29.
Ke4 g5 30. Rb6 Re8 31. Ke5 g4 32. Rxe6+ Rxe6+ 33. Kxe6 Kg5 34. g3 fxg3 35. fxg3 h5 36. c5 h4 37. c6 hxg3 38. hxg3 1-0

[Event "Live Chess"]
[Site "Chess.com"]
[Date "2024.06.02"]
[Round "-"]
[White "AlexanderMatlak"]
[Black "ZatixMajor"]
[Result "1-0"]
[WhiteElo "2411"]
[BlackElo "2027"]
[TimeControl "300"]
[EndTime "2:37:53 PDT"]
[Termination "AlexanderMatlak won by resignation"]

1. e4 c5 2. Be2 Nc6 3. f4 d5 4. d3 dxe4 5. dxe4 Qxd1+ 6. Bxd1 g6 7. c3 Bg7 8. Nf3 e5 9. O-O Nge7 10. Na3 O-O 11. Nc4 f6 12. Nd6 h5 13. Bb3+ Kh7 14. Be3 b6 15. fxe5 fxe5 16. Ng5+ Kh8 17. Ndf7+ Rxf7 18. Nxf7+ Kh7 19. Ng5+ Kh8 20. Rad1 Bg4 21. Rd2 Na5 22.
h3 Nxb3 23. axb3 Bc8 24. Rd8+ Ng8 25. Rf7 Bb7 26. Rxa8 Bxa8 27. Rxa7 Bc6 28. Nf7+ Kh7 29. Nxe5 Bxe4 30. Nd7 Bc2 31. Nxb6 Bxb3 32. Bxc5 Nf6 33. Bd4 1-0

[Event "Live Chess"]
[Site "Chess.com"]
[Date "2024.06.02"]
[Round "-"]
[White "ameetghasi100"]
[Black "Isambard_Thomas"]
[Result "1-0"]
[WhiteElo "2793"]
[BlackElo "2156"]
[TimeControl "300"]
[EndTime "2:38:07 PDT"]
[Termination "ameetghasi100 won by checkmate"]

1. c4 Nf6 2. Nf3 c5 3. Nc3 Nc6 4. g3 d6 5. Bg2 a6 6. O-O e5 7. d4 exd4 8. Nd5 Nxd5 9. cxd5 Ne7 10. e3 dxe3 11. Bxe3 g6 12. Re1 Bg7 13. Bxc5 O-O 14. Bd4 Nf5 15. Bxg7 Kxg7 16. g4 Ne7 17. Qd4+ Kg8 18.
Re2 b5 19. Rae1 Nxd5 20. Qxd5 Bxg4 21. h3 Be6 22. Rxe6 fxe6 23. Rxe6 Kh8 24. Qd4+ Kg8 25. Nh2 Rc8 26. Ng4 Rc1+ 27. Kh2 Rc4 28. Nh6# 1-0

[Event "Live Chess"]
[Site "Chess.com"]
[Date "2024.06.02"]
[Round "-"]
[White "CheckThis4"]
[Black "vincents82"]
[Result "1-0"]
[WhiteElo "2696"]
[BlackElo "1985"]
[TimeControl "300"]
[EndTime "2:38:25 PDT"]
[Termination "CheckThis4 won by resignation"]

1. d4 d5 2. c4 c6 3. Nc3 Nf6 4. Nf3 dxc4 5. e4 b5 6. Be2 e6 7.
O-O Be7 8. a4 b4 9. e5 bxc3 10.
exf6 Bxf6 11. bxc3 Nd7 12. Ba3 Be7 13. Bxe7 Qxe7 14.
Bxc4 Nb6 15. Bd3 O-O 16. Re1 c5 17. a5 Nd5 18. c4 Nf4 19. Be4 Rb8 20. g3 Ng6 21. d5 Qf6 22. Ra3 Rb2 23. d6 Ba6 24. d7 Bxc4 25. h4 Kh8 26. Bxg6 fxg6 27. Qd6 Bd5 28.
Rf1 Rb3 29. Rxb3 Bxb3 30. Ne5 Bd5 31. Qxf8+ Qxf8 32. d8=Q Qxd8 33. Nf7+ Kg8 34. Nxd8 1-0